 Dungeon Crawl Stone Soup version 0.31-a0-176-g91f28db67f (webtiles) character file.

Game seed: 12002620249528003265

57 qw the Chopper (level 4, -1/28 HPs)
             Began as a Gargoyle Fighter on June 17, 2023.
             Slain by a cerulean imp
             ... wielding a +2 spear
             ... summoned by Natasha
              (5 damage)
             ... on level 2 of the Dungeon.
             The game lasted 00:00:28 (998 turns).

qw the Chopper (Gargoyle Fighter)                    Turns: 998, Time: 00:00:29

Health: -1/28      AC: 12    Str: 21    XL:     4   Next: 0%
Magic:  4/4        EV:  7    Int:  9    God:
Gold:   89         SH:  4    Dex:  9    Spells: 3/3 levels left

rFire   . . .        Y - +0 war axe
rCold   . . .        c - +0 buckler
rNeg    + . .        i - +0 chain mail
rPois   inf          (no helmet)
rElec   +            (no cloak)
rCorr   .            (no gloves)
SInv    .            (no boots)
Will    .....        h - amulet of regeneration Stlth
                     (no ring)
HPRegen 1.04/turn    (no ring)
MPRegen 0.09/turn

%: no passive effects
@: no status effects
A: sickness immunity, AC +3, negative energy resistance 1, electricity
resistance, torment resistance 1, petrification resistance
a: no special abilities


You were on level 2 of the Dungeon.
You visited 1 branch of the dungeon, and saw 2 of its levels.

You collected 89 gold pieces.


Innate Abilities, Weirdness & Mutations

You are immune to sickness and miasma.
Your stone body is resilient. (AC +3)
You are immune to poison.
You resist negative energy. (rN+)
You are resistant to electric shocks. (rElec)
You are resistant to unholy torment.
You are immune to petrification.


   Skills:
 - Level 3.2 Fighting
 + Level 3.7 Axes
 - Level 3.2 Armour
 - Level 3.2 Shields


You had 3 spell levels left.
You didn't know any spells.
Your spell library was empty.

Inventory:

Hand Weapons
 Y - a +0 war axe (weapon)
Armour
 c - a +0 buckler (worn)
 i - a +0 chain mail (worn)
Jewellery
 h - an amulet of regeneration (around neck)
Scrolls
 a - a scroll of fear {unknown}
 f - a scroll of identify {unknown}
Potions
 b - a potion of degeneration {unknown}
 d - a potion of might
 e - a potion of curing {unknown}

Dungeon Overview and Level Annotations

Branches:
Dungeon (2/15)

Altars:

Annotations:
D:2 Natasha


Message History

The cerulean imp hits you but does no damage.
Natasha stares at you and mumbles some strange words.
You resist with significant effort. You block the adder's attack.
You block the cerulean imp's attack. The cerulean imp barely misses you.
You closely miss Natasha.
Natasha is severely wounded.
You slash the adder!
The cerulean imp disappears in a puff of smoke!
You block the adder's attack. Natasha claws you but does no damage.
The cerulean imp closely misses you. The adder bites you but does no damage.
Natasha casts a spell.
You barely miss the adder.
The adder is severely wounded.
You closely miss Natasha. You hit the cerulean imp.
You block the cerulean imp's attack. The adder bites you but does no damage.
The ball python bites you but does no damage.
The ball python grabs you. The ball python constricts you. Natasha claws you.
The cerulean imp hits you with a +2 spear.
You hit the ball python.
The ball python is moderately wounded.
You miss the cerulean imp. You hit the adder.
You kill the adder!
You barely miss Natasha.
The cerulean imp hits you from afar with a +2 spear.
The ball python barely misses you. The ball python constricts you.
The cerulean imp hits you with a +2 spear.
Natasha claws you.
The cerulean imp hits you but does no damage.
The giant cockroach bites you but does no damage.
The ball python barely misses you. The ball python constricts you.
You have reached level 4!
You feel clever.
You slash the ball python!
You kill the ball python!
You barely miss the cerulean imp.
You completely miss the giant cockroach.
You hit Natasha. Natasha casts a spell at you.
The magic dart hits you but does no damage.
The cerulean imp hits you with a +2 spear.
You die...

............#
#######.###.######## ####
#..# #......... #..#
#>.###......###
#..###.......#..##
#......#####....#
#..###...#...#..##
####........#...5%..##...
..%....#.#....5h@B.....#
#####......#.#####.###...
#..#.#.#.# ..#
#.......#.# !..#
...#...###. .....
#.#...### ## .g.#..
#.##.## ....... #.##)#
.....BJ #.##.#


You could see Natasha, 2 cerulean imps and a giant cockroach.

Vanquished Creatures
  Natasha (D:2)
  An adder (D:2)
  3 ball pythons
  2 bats (D:1)
  3 endoplasms (D:1)
  2 giant cockroaches
  A goblin (D:1)
  5 hobgoblins
  A kobold (D:2)
  A frilled lizard (D:1)
  2 rats (D:1)
22 creatures vanquished.

Notes
Turn   | Place    | Note
-------+----------+-------------------------------------------
     0 | D:1      | qw the Gargoyle Fighter began the quest for the Orb.
     0 | D:1      | Reached XP level 1. HP: 14/14 MP: 1/1
     0 | D:1      | 0 ||| qw: Version: 0.3-a-5-g6f28e65
     0 | D:1      | 0 ||| qw: Game counter: 435
     0 | D:1      | 0 ||| qw: Always use a shield: true
     0 | D:1      | 0 ||| qw: God list: Okawaru
     0 | D:1      | 0 ||| qw: Allow faded altars: false
     0 | D:1      | 0 ||| qw: Do Orc after D:15 true
     0 | D:1      | 0 ||| qw: Do second Lair branch before Depths: true
     0 | D:1      | 0 ||| qw: Lair rune preference: random
     0 | D:1      | 0 ||| qw: Plans: Normal, Zot:1-4, Slime:5, God:TSO, Crypt,
                  | Tomb, Abyss, Pan, Hells, Win
     0 | D:1      | 0 ||| PLANNING D:1-11
   214 | D:1      | Reached XP level 2. HP: 19/19 MP: 2/2
   800 | D:1      | 800 ||| UPGRADING to +0 chain mail.
   810 | D:1      | 810 ||| DROPPING +0 scale mail.
   811 | D:1      | 811 ||| UPGRADING to amulet of regeneration.
   816 | D:1      | 816 ||| READING scroll labelled MEUTAAWERA.
   817 | D:1      | 817 ||| READING 2 scrolls labelled MAGIPA AREUPLO.
   818 | D:1      | 818 ||| DROPPING scroll of revelation.
   857 | D:2      | Reached skill level 3 in Axes
   926 | D:2      | Noticed Natasha
   939 | D:2      | Killed Natasha
   940 | D:2      | Reached XP level 3. HP: 23/23 MP: 3/3
   973 | D:2      | 973 ||| Stepping ~*~*~tactically~*~*~ (stealth).
   980 | D:2      | Noticed Natasha
   997 | D:2      | HP: 2/23 [Natasha (6)]
   998 | D:2      | Reached XP level 4. HP: 3/28 MP: 4/4
   998 | D:2      | Slain by a cerulean imp

Levels and vault maps discovered:
D:1:      lemuel_arrival_lava_pool, layout_basic,
          chequers_serial_rivers_small_b, kennysheep_another_room,
          dk_noncrumbling_2
D:2:      layout_loops_ring, uniq_jessica, uniq_natasha

Skill      XL: |  1  2 |
---------------+-------+-----
Axes           | 2 3 |  3.7
Fighting       | |  3.2
Armour         | |  3.2
Shields        | |  3.2

Action                     |  1- 3 |  4- 6 || total
---------------------------+-------+-------++-------
  Melee: War axe           |    89 |     1 ||    90
    Use: Scroll            |     2 |       ||     2
 Armour: Scale mail        |    34 |       ||    34
         Chain mail        |    48 |     1 ||    49
  Dodge: Dodged            |    49 |       ||    49
  Block: Buckler           |    20 |       ||    20

Table legend:
 A = Non-vault XP
 B = Vault XP
 C = Vault XP percentage of total XP
 D = Non-vault monster count
 E = Vault monster count
 F = Vault count percentage of total count
                 A         B        C        D         E       F
            +---------+---------+-------+---------+---------+-------
      Total |      49 |      35 |  41.7 |      21 |       1 |   4.5
            +---------+---------+-------+---------+---------+-------
        D:1 |      26 |       0 |   0.0 |      15 |       0 |   0.0
        D:2 |      23 |      35 |  60.3 |       6 |       1 |  14.3
            +---------+---------+-------+---------+---------+-------
